 Dungeon Crawl Stone Soup version 0.22-a0-833-g8522bf8125 (console) character file.

3474 Lexodia the Blocker (level 9, -6/80 HPs)
             Began as a Troll Fighter on July 25, 2018.
             Was a Priest of the Shining One.
             Mangled by a two-headed ogre
             ... wielding a +0 giant club
              (19 damage)
             ... on level 9 of the Dungeon.
             The game lasted 00:10:44 (6224 turns).

Lexodia the Blocker (Troll Fighter)                 Turns: 6224, Time: 00:10:44

Health: -6/80      AC:  6    Str: 29    XL:     9   Next: 79%
Magic:  14/17      EV: 10    Int:  4    God:    the Shining One [***...]
Gold:   434        SH: 17    Dex:  9    Spells: 8/8 levels left

rFire    . . .     SeeInvis .     - Unarmed
rCold    . . .     Gourm    +   b - +0 shield
rNeg     + . .     Faith    .   a - +0 robe
rPois    .         Spirit   .   (helmet restricted)
rElec    .         Reflect  .   q - +0 cloak
rCorr    .         Harm     .   (gloves unavailable)
MR       +....                  (boots unavailable)
Stlth    +.........             j - amulet of the gourmand
HPRegen  0.63/turn              e - ring of magical power
MPRegen  0.15/turn              m - ring of protection from magic

@: divine shield, glowing
A: large, unfitting armour, claws 3, fast metabolism 3, gourmand, regeneration
1, shaggy fur 1, tough skin 2
a: Divine Shield, Renounce Religion


You were on level 9 of the Dungeon.
You worshipped the Shining One.
The Shining One was most pleased with you.
You were completely stuffed.

You visited 1 branch of the dungeon, and saw 9 of its levels.

You collected 434 gold pieces.

Inventory:

Hand Weapons
 x - the +3 flail "Troll's Doom" {protect, Stlth+}
   (You found it on level 6 of the Dungeon)

   It protects the one who uses it against injury (+AC on strike).
   It makes you more stealthy.
Armour
 a - a +0 robe (worn)
 b - a +0 shield (worn)
 q - a +0 cloak (worn)
Jewellery
 e - a ring of magical power (left claw)
 j - an amulet of the gourmand (around neck)
 m - a ring of protection from magic (right claw)
Wands
 s - a wand of iceblast (9)
 t - a wand of paralysis (15)
 v - a wand of scattershot (5)
 y - a wand of polymorph (19)
Scrolls
 f - 4 scrolls of identify
 i - 3 scrolls of teleportation
 k - a scroll of fog
 l - a scroll of amnesia
 o - a scroll of enchant weapon {unknown}
 r - 2 scrolls of magic mapping
 A - a scroll of silence {unknown}
Potions
 c - a potion of might
 g - 3 potions of agility
 h - 4 potions of heal wounds
 n - a potion of curing
 p - 3 potions of haste
 u - 2 potions of ambrosia
 w - 2 potions of flight
 B - a potion of degeneration {unknown}
Comestibles
 d - 19 rations
 z - 3 chunks of flesh


   Skills:
 - Level 2.4 Fighting
 + Level 7.3 Maces & Flails
 - Level 2.4 Dodging
 + Level 8.2 Shields
 - Level 7.0 Unarmed Combat


You had 8 spell levels left.
You didn't know any spells.
Your spell library contained the following spells:

 Spells                   Type           Power        Failure   Level  Hunger
 Magic Dart               Conj           #...         54%         1    ##.....
 Conjure Flame            Conj/Fire      #.......     89%         3    ####...
 Slow                     Hex            #.......     69%         2    ###....
 Mephitic Cloud           Conj/Pois/Air  #.......     89%         3    ####...
 Summon Small Mammal      Summ           #...         54%         1    ##.....
 Blink                    Tloc           N/A          69%         2    ###....
 Summon Ice Beast         Ice/Summ       #.......     100%        4    #####..
 Call Imp                 Summ           #.......     69%         2    ###....
 Call Canine Familiar     Summ           #.......     89%         3    ####...
 Summon Lightning Spire   Summ/Air       #.......     100%        4    #####..
 Summon Guardian Golem    Hex/Summ       #.......     89%         3    ####...


Dungeon Overview and Level Annotations

Branches:
Dungeon (9/15)             Temple (0/1) D:7
   Lair: D:8-11         Orc: D:9-12

Altars:
Dithmenos
Hepliaklqana
Kikubaaqudgha
Ru
Sif Muna
Trog
Vehumet
Wu Jian
Yredelemnul
Zin
The Shining One

Shops:
D:8 (


Innate Abilities, Weirdness & Mutations

You are too large for most types of armour.
You have claws for hands.
Your metabolism is lightning-fast.
You like to eat raw meat.
Your natural rate of healing is unusually fast.
You are covered in fur. (AC +1)
You have very tough skin. (AC +2)


Message History

Huge Dmg: -25%(-20hp) hp: 37%(29hp)
You scratch the two-headed ogre.
The two-headed ogre is heavily wounded.
The two-headed ogre closely misses you.
The two-headed ogre hits you with a dire flail!
* * * LOW HITPOINT WARNING * * *
Huge Dmg: -15%(-12hp) hp: 22%(17hp) Unknown command.
Your shield is strengthened by the Shining One's divine power.
You feel slightly less full.
You mangle the two-headed ogre!!
The two-headed ogre is almost dead.
The two-headed ogre hits you with a giant club.
* * * LOW HITPOINT WARNING * * *
You block the two-headed ogre's attack.
Huge Dmg: -8%(-6hp) hp: 15%(12hp)
You barely miss the two-headed ogre.
The two-headed ogre is almost dead.
The two-headed ogre hits you with a giant club!!
You die...

#. .# .. #. .#
#.. #. .. ....
#.##.##....
#..."......
#..........
#.O.......
#.@...#.#..
#..........
##.#####.#.#
#####...####.#.#
#.............#.#
#.####...######.#
##.## #.# #.# #<#
####.# ##.#


You could see a two-headed ogre.

Vanquished Creatures
  A two-headed ogre (D:9)
  A hippogriff (D:8)
  A wyvern (D:8)
  Menkaure (D:4)
  An orc warrior (D:6)
  An ice beast (D:8)
  A sky beast (D:8)
  2 ogres
  3 necrophages
  A big kobold (D:7)
  An elf zombie (D:8)
  Blork the orc (D:4)
  3 bullfrogs
  3 killer bees (D:7)
  A troll zombie (D:8)
  A troll skeleton (D:8)
  3 howler monkeys (D:8)
  3 crimson imps
  4 human zombies (D:8)
  A quasit (D:7)
  5 hounds
  A bullfrog skeleton (D:4)
  2 orc priests
  2 human skeletons (D:8)
  An iguana (D:8)
  6 worker ants
  A hound zombie (D:7)
  A worker ant zombie (D:9)
  13 adders
  A shadow imp (D:8)
  An ooze (D:6)
  A worm (D:8)
  4 leopard geckos
  11 orcs
  4 bats
  6 giant cockroaches
  15 goblins
  2 hobgoblins (D:2)
  12 jackals
  6 kobolds
  3 quokkas
  3 frilled lizards
  An orc zombie (D:8)
  6 rats
142 creatures vanquished.

Notes
Turn   | Place    | Note
-------+----------+-------------------------------------------
     0 | D:1      | Lexodia the Troll Fighter began the quest for the Orb.
     0 | D:1      | Reached XP level 1. HP: 22/22 MP: 0/0
   435 | D:2      | Found a glowing golden altar of the Shining One.
   445 | D:2      | Became a worshipper of the Shining One
   446 | D:2      | Reached XP level 2. HP: 29/29 MP: 1/1
   632 | D:2      | Reached XP level 3. HP: 36/36 MP: 2/2
   703 | D:2      | Found a shadowy altar of Dithmenos.
   870 | D:2      | Reached skill level 3 in Shields
  1185 | D:3      | Reached XP level 4. HP: 41/44 MP: 3/3
  1192 | D:3      | Huge Dmg: 11 dmg
  1193 | D:3      | Reached * piety under the Shining One
  1199 | D:3      | Huge Dmg: 4 dmg
  1228 | D:3      | Found a deep blue altar of Sif Muna.
  1822 | D:3      | Reached XP level 5. HP: 50/50 MP: 4/4
  1890 | D:3      | Found a sacrificial altar of Ru.
  1964 | D:3      | Found a glowing silver altar of Zin.
  2027 | D:3      | Found an ancient bone altar of Kikubaaqudgha.
  2027 | D:3      | Found an ornate altar of the Wu Jian Council.
  2081 | D:3      | Found a radiant altar of Vehumet.
  2183 | D:4      | Found a hazy altar of Hepliaklqana.
  2301 | D:4      | Reached skill level 5 in Unarmed Combat
  2541 | D:4      | Noticed Menkaure
  2548 | D:4      | Huge Dmg: 24 dmg
  2549 | D:4      | Huge Dmg: 12 dmg
  2549 | D:4      | Killed Menkaure
  2549 | D:4      | Reached XP level 6. HP: 17/59 MP: 5/5
  2658 | D:4      | Noticed Blork the orc
  2666 | D:4      | Killed Blork the orc
  2666 | D:4      | Reached skill level 4 in Shields
  2938 | D:5      | Entered Level 5 of the Dungeon
  3128 | D:5      | Reached XP level 7. HP: 58/66 MP: 6/6
  3836 | D:6      | Got a warped flail
  3837 | D:6      | Identified the +3 flail "Troll's Doom" {protect, Stlth+} (You found it on level 6 of the Dungeon)
  4008 | D:6      | Huge Dmg: 17 dmg
  4009 | D:6      | Reached skill level 1 in Maces & Flails
  4315 | D:6      | Reached skill level 5 in Shields
  4351 | D:6      | Reached ** piety under the Shining One
  4363 | D:6      | Huge Dmg: 18 dmg
  4367 | D:6      | Reached XP level 8. HP: 48/74 MP: 7/7
  4647 | D:7      | Found a staircase to the Ecumenical Temple.
  4748 | D:7      | Huge Dmg: 9 dmg
  4755 | D:7      | Huge Dmg: 14 dmg
  4881 | D:7      | Reached skill level 6 in Shields
  5385 | D:8      | Reached skill level 5 in Maces & Flails
  5603 | D:8      | Found Jugeqita's Weapon Boutique.
  5640 | D:8      | Reached XP level 9. HP: 80/80 MP: 8/8
  5732 | D:8      | Huge Dmg: 12 dmg
  5764 | D:8      | Reached skill level 7 in Shields
  5806 | D:8      | Reached *** piety under the Shining One
  5828 | D:8      | Huge Dmg: 23 dmg
  5832 | D:8      | Found a basalt altar of Yredelemnul.
  5911 | D:8      | Noticed a moth of wrath
  5920 | D:8      | Found a bloodstained altar of Trog.
  6168 | D:9      | Noticed a two-headed ogre
  6178 | D:9      | Killed a two-headed ogre
  6178 | D:9      | Reached skill level 8 in Shields
  6214 | D:9      | Noticed a two-headed ogre
  6219 | D:9      | Huge Dmg: 32 dmg
  6221 | D:9      | Huge Dmg: 20 dmg
  6222 | D:9      | Huge Dmg: 12 dmg
  6224 | D:9      | Huge Dmg: 6 dmg
  6224 | D:9      | Mangled by a two-headed ogre

Vault maps used:
D:1:      dpeg_arrival_tiny_a
D:2:      nicolae_dithmenos_through_a_glass_darkly,
          nicolae_overflow_crystal_walls, minmay_unequal
D:3:      lemuel_coloured_pillars_altar, overflow_temple_1_default,
          nicolae_overflow_hidden_temple, gammafunk_temple_overflow_elements,
          lemuel_round_altar, serial_glass, glass_columns_b, glass_columns_c,
          glass_columns_b, glass_columns_a, glass_columns_b, glass_columns_a,
          serial_bayou_pond_d
D:4:      lemuel_round_altar, first_ration, uniq_menkaure, uniq_blork_the_orc
D:6:      minmay_ogre_servants
D:7:      minmay_temple_entry_statues
D:8:      tgw_trog, lemuel_mausoleum_altar_yredelemnul, serial_shops,
          kennysheep_mini
D:9:      evilmike_ruin_ashenzari, orc_0_dummy, gammafunk_ghost_grave

Skill      XL: |  1  2  3  4  5  6  7  8  9 |
---------------+----------------------------+-----
Unarmed Combat | 3 4 5 6 7 |  7.0
Shields        | 3 4 5 6 8 |  8.2
Maces & Flails | 2 5 7 |  7.3
Fighting       | |  2.4
Dodging        | |  2.4

Action                   |  1- 3 |  4- 6 |  7- 9 || total
-------------------------+-------+-------+-------++-------
Melee: Unarmed           |   102 |    77 |   265 ||   444
       Flail             |       |       |    20 ||    20
Invok: Divine Shield     |       |       |     1 ||     1
  Use: Scroll            |       |       |    12 ||    12
       Potion            |       |       |     2 ||     2
  Eat: Chunk             |     8 |    12 |    36 ||    56
       Ration            |       |     1 |     1 ||     2
Armor: Robe              |    45 |    31 |    59 ||   135
Dodge: Dodged            |    53 |    22 |    82 ||   157
Block: Shield            |    54 |    30 |   101 ||   185

Table legend:
 A = Spawn XP
 B = Non-spawn XP
 C = Spawn XP percentage of total XP
 D = Spawn monster count
 E = Non-spawn monster count
 F = Spawn count percentage of total count
 G = Total turns spent on level
                    A         B        C        D         E        F      G
               +---------+---------+-------+---------+---------+-------+---------
         Total |       0 |    4963 |   0.0 |       0 |     142 |   0.0 |  6224
               +---------+---------+-------+---------+---------+-------+---------
           D:1 |       0 |      15 |   0.0 |       0 |       8 |   0.0 |   665
           D:2 |       0 |      72 |   0.0 |       0 |      16 |   0.0 |   846
           D:3 |       0 |     123 |   0.0 |       0 |      24 |   0.0 |   623
           D:4 |       0 |     424 |   0.0 |       0 |       9 |   0.0 |   804
           D:5 |       0 |     263 |   0.0 |       0 |       9 |   0.0 |   914
           D:6 |       0 |     649 |   0.0 |       0 |      26 |   0.0 |   622
           D:7 |       0 |     797 |   0.0 |       0 |      19 |   0.0 |   757
           D:8 |       0 |    1704 |   0.0 |       0 |      29 |   0.0 |   931
           D:9 |       0 |     916 |   0.0 |       0 |       2 |   0.0 |    62
               +---------+---------+-------+---------+---------+-------+---------
